Capitals vs Golden Seals

Created - 24 février 2022 at 13:37

Goals
1 2 3 T
Capitals 1 0 1 2
Golden Seals 0 1 0 1
Shots
1 2 3 T
Capitals 12 12 10 34
Golden Seals 11 8 8 27

1st period

1. Capitals , Kevin Rooney 6 (Kevan Miller 4, Johan Larsson 14) at 7:30

Penalties :
Damon Severson (WAS) for Holding (Minor) at 13:44

2nd period

2. Golden Seals , Nick Suzuki 21 (William Karlsson 33) at 10:26

Penalties :
No Penalty

3rd period

3. Capitals , Elias Pettersson 22 (Kyle Palmieri 18, Tyler Pitlick 19) at 4:07

Penalties :
Kevin Rooney (WAS) for Hooking (Minor) at 1:50, Nick Suzuki (CLF) for Hooking (Minor) at 10:30, Damon Severson (WAS) for Roughing (Minor) at 19:33

Goalie Stats

Zachary Fucale (WAS), 26 saves from 27 shots - (0,963), W, 11-9-3, 60:00 minutes
Andrei Vasilevskiy (CLF), 32 saves from 34 shots - (0,941), L, 27-15-3, 58:49 minutes

Players Stats for Capitals

Player Name              G  A  P  +/- PIM S  H  SB GA TA FO     MP     PP MP  PK MP  
------------------------------------------------------------------------------------
Adam Lowry               0  0  0   1  0   1  0  1  0  3  4/13   15:47   0:34   0:00 
Anders Bjork             0  0  0   0  0   0  0  0  0  1  0/1     8:05   0:34   0:00 
Calvin de Haan           0  0  0   2  0   1  0  0  0  0  0/0    15:46   0:00   0:35 
Damon Severson           0  0  0   0  4   1  4  0  0  0  0/0    22:17   0:27   0:53 
Darren Helm              0  0  0  -1  0   0  0  2  0  1  0/2    19:57   1:25   2:20 
Derek Grant              0  0  0   0  0   1  1  0  0  0  2/3     9:27   0:00   0:59 
Elias Pettersson         1  0  1   1  0   4  1  0  3  0  1/1    17:35   1:25   1:05 
Jake Guentzel            0  0  0  -1  0   7  1  0  3  0  0/1    16:59   1:25   0:00 
Joel Eriksson Ek         0  0  0  -1  0   1  2  0  0  1  15/28  16:07   0:00   0:33 
Johan Larsson            0  1  1   1  0   4  0  0  1  0  5/12   16:51   0:00   2:20 
Kevan Miller             0  1  1   1  0   0  1  3  0  0  0/0    17:33   0:00   2:28 
Kevin Rooney             1  0  1   1  2   2  2  1  0  1  0/0    15:21   0:00   0:32 
Kyle Palmieri            0  1  1   1  0   2  3  0  0  0  0/0    15:47   0:34   0:00 
Marc-Edouard Vlasic      0  0  0   0  0   1  0  2  0  1  0/0    23:48   0:27   2:28 
Oliver Ekman-Larsson     0  0  0   0  0   2  3  0  0  0  0/0    19:36   1:32   0:28 
Phillip Di Giuseppe      0  0  0   0  0   2  0  0  0  0  0/0     7:22   0:00   0:00 
Tyler Pitlick            0  1  1   1  0   5  1  0  1  0  0/0    16:14   0:00   0:59 
Zach Bogosian            0  0  0  -1  0   0  0  0  0  1  0/0    21:01   1:32   1:56 

Players Stats for Golden Seals

Player Name              G  A  P  +/- PIM S  H  SB GA TA FO     MP     PP MP  PK MP  
------------------------------------------------------------------------------------
Barclay Goodrow          0  0  0   0  0   0  3  0  0  1  7/10   12:45   0:09   1:11 
Cody Ceci                0  0  0   1  0   1  1  2  1  0  0/0    22:40   0:00   0:51 
Colton Parayko           0  0  0   1  0   0  0  6  0  1  0/0    24:32   1:52   0:51 
Jaden Schwartz           0  0  0  -2  0   2  3  1  3  0  1/2    17:59   2:32   0:00 
Jake McCabe              0  0  0  -1  0   0  1  2  1  0  0/0    20:28   0:00   1:08 
Jason Robertson          0  0  0   0  0   0  0  0  0  0  0/0    13:38   1:54   0:00 
Kurtis MacDermid         0  0  0   0  0   0  1  1  0  0  0/0    11:26   0:00   0:00 
Max Domi                 0  0  0  -1  0   1  2  0  1  0  12/22  17:23   2:21   0:37 
Miles Wood               0  0  0  -1  0   1  1  1  0  0  1/1    17:23   1:52   1:06 
Nate Schmidt             0  0  0  -2  0   4  0  1  1  3  0/0    24:02   2:32   1:08 
Nick Cousins             0  0  0  -1  0   2  0  2  0  0  1/6    10:14   0:00   0:00 
Nick Suzuki              1  0  1   1  2   5  0  0  1  0  1/1    19:22   2:21   0:00 
Ondrej Kase              0  0  0  -1  0   2  0  0  0  1  0/0    10:35   0:09   0:00 
Oskar Lindblom           0  0  0  -1  0   0  0  0  0  0  0/0    10:46   0:09   0:11 
Robby Fabbri             0  0  0   0  0   1  0  0  0  1  0/0    13:21   1:54   0:11 
Robert Hagg              0  0  0   0  0   0  0  0  0  0  0/0    11:26   0:00   0:00 
Tyler Toffoli            0  0  0   1  0   4  1  0  1  0  0/1    19:51   2:21   0:00 
William Karlsson         0  1  1   1  0   4  4  0  0  1  11/18  20:09   1:54   0:42 

3 Stars

1 - Zachary Fucale (WAS)
2 - Elias Pettersson (WAS)
3 - Andrei Vasilevskiy (CLF)

Power Play

Capitals - 0 on 1 Attempt(s) - 0,00%
Golden Seals - 0 on 3 Attempt(s) - 0,00%

Penalty Kill

Capitals - 3 on 3 Attempt(s) - 100,00% - Score 0 goal in Penalty Kill
Golden Seals - 1 on 1 Attempt(s) - 100,00% - Score 0 goal in Penalty Kill

Team Stat

Capitals - Hits : 19 - Faceoff Wins : 27 - Blocked Shots : 9 - Penalty Minutes : 6
Golden Seals - Hits : 17 - Faceoff Wins : 34 - Blocked Shots : 16 - Penalty Minutes : 2

Official

Referees : Jon McIsaac and Reid Anderson
Linesman : Ryan Galloway and Jim Harper

Game Notes

No Game Note

Finance

Level 1 -- Attendance: 6000 (100,00%) -- Ticket Income 360 000 $
Level 2 -- Attendance: 5000 (100,00%) -- Ticket Income 175 000 $
Level 3 -- Attendance: 2000 (100,00%) -- Ticket Income 32 000 $
Level 4 -- Attendance: 4000 (100,00%) -- Ticket Income 40 000 $
Luxury Box -- Attendance: 1000 (100,00%) -- Ticket Income 100 000 $
Game was played at the Sideburns Coliseum.
Total Attendance: 18000 (100,00%)
Total Ticket Income: 707 000 $
Other Income: 346 430 $
Total Income: 1 053 430 $

Capitals

5 vs 5 Forward 
   Center                   Left Wing                Right Wing               Time % Phy DF OF 
 1 Joel Eriksson Ek         Jake Guentzel            Darren Helm              35     1   2  2  
 2 Adam Lowry               Elias Pettersson         Kyle Palmieri            30     1   3  1  
 3 Johan Larsson            Kevin Rooney             Tyler Pitlick            25     1   4  0  
 4 Derek Grant              Anders Bjork             Phillip Di Giuseppe      10     1   4  0  

5 vs 5 Defense 
   Defense                  Defense                                           Time % Phy DF OF 
 1 Damon Severson           Marc-Edouard Vlasic                               33     1   3  1  
 2 Oliver Ekman-Larsson     Zach Bogosian                                     31     1   4  0  
 3 Kevan Miller             Calvin de Haan                                    26     1   4  0  
 4 Damon Severson           Marc-Edouard Vlasic                               10     1   4  0  

PowerPlay Forward 
   Center                   Left Wing                Right Wing               Time % Phy DF OF 
 1 Jake Guentzel            Elias Pettersson         Darren Helm              60     1   1  3  
 2 Adam Lowry               Anders Bjork             Kyle Palmieri            40     1   1  3  

PowerPlay Defense
   Defense                  Defense                                           Time % Phy DF OF 
 1 Damon Severson           Marc-Edouard Vlasic                               60     1   1  3  
 2 Oliver Ekman-Larsson     Zach Bogosian                                     40     1   1  3  

Penalty Kill 4 Players Forward 
   Center                   Wing                     Time % Phy DF OF 
 1 Johan Larsson            Darren Helm              60     1   4  0  
 2 Derek Grant              Tyler Pitlick            40     1   4  0  

Penalty Kill 4 Players Defense
   Defense                  Defense                  Time % Phy DF OF 
 1 Kevan Miller             Marc-Edouard Vlasic      60     1   4  0  
 2 Damon Severson           Zach Bogosian            40     1   4  0  

Penalty Kill - 3 Players Forward 
   Forward                                           Time % Phy DF OF 
 1 Jake Guentzel                                     60     1   4  0  
 2 Derek Grant                                       40     1   4  0  

Penalty Kill - 3 Players Defense
   Defense                  Defense                  Time % Phy DF OF 
 1 Damon Severson           Marc-Edouard Vlasic      60     1   4  0  
 2 Damon Severson           Zach Bogosian            40     1   4  0  

4 vs 4 Forward 
   Center                   Wing                     Time % Phy DF OF 
 1 Joel Eriksson Ek         Jake Guentzel            60     1   2  2  
 2 Elias Pettersson         Adam Lowry               40     1   2  2  

4 vs 4 Defense
   Defense                  Defense                  Time % Phy DF OF 
 1 Damon Severson           Marc-Edouard Vlasic      60     1   2  2  
 2 Oliver Ekman-Larsson     Zach Bogosian            40     1   2  2  

Last Minutes Offensive
   Center                   Left Wing                Right Wing               Defense                  Defense                  
   Joel Eriksson Ek         Jake Guentzel            Elias Pettersson         Damon Severson           Marc-Edouard Vlasic      

Last Minutes Defensive
   Center                   Left Wing                Right Wing               Defense                  Defense                  
   Derek Grant              Darren Helm              Tyler Pitlick            Damon Severson           Marc-Edouard Vlasic      

Goaltenders
Starting : Zachary Fucale           
Backup : Brian Elliott            

Extra Forwards
Normal : Johan Larsson, Derek Grant, Kevin Rooney - PP : Johan Larsson, Derek Grant - PK : Kevin Rooney
Extra Defensemen
Normal : Kevan Miller, Calvin de Haan, Oliver Ekman-Larsson - PP : Kevan Miller - PK : Calvin de Haan, Oliver Ekman-Larsson
Penalty Shots
Jake Guentzel, Joel Eriksson Ek, Elias Pettersson, Adam Lowry, Johan Larsson
Custom OT Lines Forwards
Jake Guentzel, Joel Eriksson Ek, Elias Pettersson, Adam Lowry, Johan Larsson, Darren Helm, Tyler Pitlick, Derek Grant, Kevin Rooney, Anders Bjork
Custom OT Lines Defensemen
Damon Severson, Marc-Edouard Vlasic, Oliver Ekman-Larsson, Zach Bogosian, Kevan Miller

Scratches
Joakim Nordstrom (Healthy)

Golden Seals

5 vs 5 Forward 
   Center                   Left Wing                Right Wing               Time % Phy DF OF 
 1 William Karlsson         Tyler Toffoli            Nick Suzuki              36     0   2  3  
 2 Max Domi                 Miles Wood               Jaden Schwartz           31     0   2  3  
 3 Barclay Goodrow          Jason Robertson          Robby Fabbri             23     0   2  3  
 4 Nick Cousins             Oskar Lindblom           Ondrej Kase              10     1   2  2  

5 vs 5 Defense 
   Defense                  Defense                                           Time % Phy DF OF 
 1 Colton Parayko           Cody Ceci                                         43     0   3  2  
 2 Nate Schmidt             Jake McCabe                                       37     0   3  2  
 3 Robert Hagg              Kurtis MacDermid                                  20     2   3  0  
 4 Nate Schmidt             Cody Ceci                                         0      1   2  2  

PowerPlay Forward 
   Center                   Left Wing                Right Wing               Time % Phy DF OF 
 1 Max Domi                 Tyler Toffoli            Nick Suzuki              60     0   0  5  
 2 William Karlsson         Robby Fabbri             Jason Robertson          40     0   0  5  

PowerPlay Defense
   Defense                  Defense                                           Time % Phy DF OF 
 1 Nate Schmidt             Jaden Schwartz                                    60     0   0  5  
 2 Colton Parayko           Miles Wood                                        40     0   0  5  

Penalty Kill 4 Players Forward 
   Center                   Wing                     Time % Phy DF OF 
 1 Barclay Goodrow          Miles Wood               60     1   4  0  
 2 William Karlsson         Oskar Lindblom           40     1   4  0  

Penalty Kill 4 Players Defense
   Defense                  Defense                  Time % Phy DF OF 
 1 Nate Schmidt             Jake McCabe              60     2   3  0  
 2 Colton Parayko           Cody Ceci                40     2   3  0  

Penalty Kill - 3 Players Forward 
   Forward                                           Time % Phy DF OF 
 1 Barclay Goodrow                                   60     0   5  0  
 2 William Karlsson                                  40     0   5  0  

Penalty Kill - 3 Players Defense
   Defense                  Defense                  Time % Phy DF OF 
 1 Nate Schmidt             Jake McCabe              60     0   5  0  
 2 Colton Parayko           Cody Ceci                40     0   5  0  

4 vs 4 Forward 
   Center                   Wing                     Time % Phy DF OF 
 1 William Karlsson         Tyler Toffoli            60     1   2  2  
 2 Nick Suzuki              Jaden Schwartz           40     1   2  2  

4 vs 4 Defense
   Defense                  Defense                  Time % Phy DF OF 
 1 Nate Schmidt             Cody Ceci                60     1   2  2  
 2 Colton Parayko           Jake McCabe              40     1   2  2  

Last Minutes Offensive
   Center                   Left Wing                Right Wing               Defense                  Defense                  
   William Karlsson         Tyler Toffoli            Jason Robertson          Nate Schmidt             Jaden Schwartz           

Last Minutes Defensive
   Center                   Left Wing                Right Wing               Defense                  Defense                  
   William Karlsson         Miles Wood               Jaden Schwartz           Nate Schmidt             Cody Ceci                

Goaltenders
Starting : Andrei Vasilevskiy       
Backup : Jacob Ingham             

Extra Forwards
Normal : Jason Robertson, Robby Fabbri, Barclay Goodrow - PP : Max Domi, Oskar Lindblom - PK : Nick Suzuki
Extra Defensemen
Normal : Robert Hagg, Kurtis MacDermid, Nate Schmidt - PP : Robert Hagg - PK : Kurtis MacDermid, Robert Hagg
Penalty Shots
Miles Wood, Tyler Toffoli, William Karlsson, Robby Fabbri, Jason Robertson
Custom OT Lines Forwards
Nick Suzuki, Tyler Toffoli, William Karlsson, Jaden Schwartz, Max Domi, Miles Wood, Robby Fabbri, Jason Robertson, Barclay Goodrow, Oskar Lindblom
Custom OT Lines Defensemen
Nate Schmidt, Cody Ceci, Colton Parayko, Jake McCabe, Robert Hagg

Scratches
Jonathan Toews (Left Leg Injury)

% Time on Ice - Capitals

Lines # - Real PCT - Wanted PCT - Time Play
Normal Forward
1 - 30% - 35% - 15:47
2 - 29% - 30% - 15:19
3 - 27% - 25% - 14:31
4 - 14% - 10% - 7:22
Normal Defense
1 - 32% - 33% - 16:58
2 - 33% - 31% - 17:42
3 - 28% - 26% - 15:02
4 - 6% - 10% - 3:17
PP Forward
1 - 71% - 60% - 1:25
2 - 29% - 40% - 0:34
PP Defense
1 - 23% - 60% - 0:27
2 - 77% - 40% - 1:32
PK Forward
1 - 78% - 60% - 3:25
2 - 22% - 40% - 0:59
PK Defense
1 - 56% - 60% - 2:28
2 - 44% - 40% - 1:56
PK3 Forward
1 - 0% - 60%
2 - 0% - 40%
PK3 Defense
1 - 0% - 60%
2 - 0% - 40%
44 Forward
1 - 0% - 60%
2 - 0% - 40%
44 Defense
1 - 0% - 60%
2 - 0% - 40%
Last Minute Offensive  - 0:00
Last Minute Defensive  - 0:38
Total
Forward - 60:00
Defense - 60:00

% Time on Ice - Golden Seals

Lines # - Real PCT - Wanted PCT - Time Play
Normal Forward
1 - 33% - 36% - 17:14
2 - 27% - 31% - 14:28
3 - 21% - 23% - 11:03
4 - 19% - 10% - 10:14
Normal Defense
1 - 41% - 43% - 21:42
2 - 37% - 37% - 19:51
3 - 22% - 20% - 11:26
4 - 0% - 0% - 0:00
PP Forward
1 - 57% - 60% - 2:30
2 - 43% - 40% - 1:54
PP Defense
1 - 58% - 60% - 2:32
2 - 42% - 40% - 1:52
PK Forward
1 - 91% - 60% - 1:48
2 - 9% - 40% - 0:11
PK Defense
1 - 57% - 60% - 1:08
2 - 43% - 40% - 0:51
PK3 Forward
1 - 0% - 60%
2 - 0% - 40%
PK3 Defense
1 - 0% - 60%
2 - 0% - 40%
44 Forward
1 - 0% - 60%
2 - 0% - 40%
44 Defense
1 - 0% - 60%
2 - 0% - 40%
Last Minute Offensive  - 0:38
Last Minute Defensive  - 0:00
Total
Forward - 60:00
Defense - 60:00

Play-by-Play

1st period


0:01 of 1st period - William Karlsson wins face-off versus Darren Helm in neutral zone.
0:28 of 1st period - Elias Pettersson is hit by Jaden Schwartz and loses puck.
0:33 of 1st period - Slapshot by Jaden Schwartz.
0:33 of 1st period - Shot Hit the Post.
0:35 of 1st period - Slapshot by Colton Parayko.
0:35 of 1st period - Shot Misses the Net.
0:51 of 1st period - Barclay Goodrow is hit by Damon Severson and loses puck.
2:05 of 1st period - Snap shot by Elias Pettersson.
2:05 of 1st period - Stopped by Andrei Vasilevskiy with a rebound.
2:46 of 1st period - Icing by Colton Parayko.
2:47 of 1st period - Nick Cousins wins face-off versus Joel Eriksson Ek in Golden Seals zone.
3:28 of 1st period - Slapshot by Nick Cousins.
3:28 of 1st period - Stopped by Zachary Fucale with a rebound.
3:46 of 1st period - Snap shot by Adam Lowry.
3:46 of 1st period - Shot Misses the Net.
3:48 of 1st period - Slapshot by Kevan Miller.
3:48 of 1st period - Shot Misses the Net.
4:50 of 1st period - Wrist shot by Jaden Schwartz.
4:50 of 1st period - Shot Misses the Net.
4:52 of 1st period - Slapshot by Nate Schmidt.
4:52 of 1st period - Shot Misses the Net.
5:34 of 1st period - Wrist shot by Jake Guentzel.
5:34 of 1st period - Stopped by Andrei Vasilevskiy without a rebound.
5:35 of 1st period - Joel Eriksson Ek wins face-off versus Nick Cousins in Golden Seals zone.
6:03 of 1st period - Oliver Ekman-Larsson is hit by William Karlsson and loses puck.
6:10 of 1st period - Nick Suzuki is hit by Elias Pettersson and loses puck.
6:47 of 1st period - Snap shot by William Karlsson.
6:47 of 1st period - Stopped by Zachary Fucale with a rebound.
6:49 of 1st period - Slapshot by William Karlsson.
6:49 of 1st period - Stopped by Zachary Fucale without a rebound.
6:50 of 1st period - Miles Wood wins face-off versus Johan Larsson in Capitals zone.
6:53 of 1st period - Slapshot by Max Domi.
6:53 of 1st period - Shot Misses the Net.
7:26 of 1st period - Slapshot by Johan Larsson.
7:26 of 1st period - Shot Misses the Net.
7:28 of 1st period - Slapshot by Kevan Miller.
7:28 of 1st period - Shot Misses the Net.
7:30 of 1st period - Wrist shot by Kevin Rooney.
7:30 of 1st period - Goal by Kevin Rooney - Capitals : 1 - Golden Seals : 0.
7:31 of 1st period - Joel Eriksson Ek wins face-off versus Barclay Goodrow in neutral zone.
7:34 of 1st period - Wrist shot by Jake Guentzel.
7:34 of 1st period - Shot Blocked by Colton Parayko.
7:36 of 1st period - Snap shot by Damon Severson.
7:36 of 1st period - Stopped by Andrei Vasilevskiy without a rebound.
7:37 of 1st period - Joel Eriksson Ek wins face-off versus Barclay Goodrow in Golden Seals zone.
8:10 of 1st period - Cody Ceci is hit by Kyle Palmieri and loses puck.
8:27 of 1st period - Johan Larsson is hit by Max Domi and loses puck.
8:48 of 1st period - Cody Ceci is hit by Oliver Ekman-Larsson.
9:03 of 1st period - Slapshot by Jason Robertson.
9:03 of 1st period - Shot Misses the Net.
9:05 of 1st period - Wrist shot by Barclay Goodrow.
9:05 of 1st period - Shot Misses the Net.
9:33 of 1st period - Snap shot by Elias Pettersson.
9:33 of 1st period - Shot Misses the Net.
9:53 of 1st period - Off-side.
9:54 of 1st period - Joel Eriksson Ek wins face-off versus Max Domi in neutral zone.
10:19 of 1st period - Marc-Edouard Vlasic is hit by Kurtis MacDermid.
10:39 of 1st period - Tyler Pitlick is hit by Barclay Goodrow and loses puck.
11:03 of 1st period - Icing by Nate Schmidt.
11:04 of 1st period - Joel Eriksson Ek wins face-off versus Nick Cousins in Golden Seals zone.
11:07 of 1st period - Wrist shot by Joel Eriksson Ek.
11:07 of 1st period - Stopped by Andrei Vasilevskiy without a rebound.
11:08 of 1st period - Joel Eriksson Ek wins face-off versus William Karlsson in Golden Seals zone.
11:11 of 1st period - Wrist shot by Jake Guentzel.
11:11 of 1st period - Shot Misses the Net.
11:21 of 1st period - Snap shot by Nick Suzuki.
11:21 of 1st period - Stopped by Zachary Fucale with a rebound.
11:23 of 1st period - Slapshot by William Karlsson.
11:23 of 1st period - Stopped by Zachary Fucale with a rebound.
11:25 of 1st period - Slapshot by Cody Ceci.
11:25 of 1st period - Stopped by Zachary Fucale with a rebound.
11:35 of 1st period - Calvin de Haan is hit by Miles Wood and loses puck.
12:02 of 1st period - Wrist shot by Jason Robertson.
12:02 of 1st period - Shot Misses the Net.
12:23 of 1st period - Icing by Nick Cousins.
12:24 of 1st period - Joel Eriksson Ek wins face-off versus Nick Cousins in Golden Seals zone.
12:25 of 1st period - Slapshot by Jake Guentzel.
12:25 of 1st period - Shot Misses the Net.
12:27 of 1st period - Slapshot by Oliver Ekman-Larsson.
12:27 of 1st period - Stopped by Andrei Vasilevskiy without a rebound.
12:28 of 1st period - William Karlsson wins face-off versus Joel Eriksson Ek in Golden Seals zone.
12:41 of 1st period - Snap shot by Jake Guentzel.
12:41 of 1st period - Deflect By William Karlsson.
12:41 of 1st period - Stopped by Andrei Vasilevskiy with a rebound.
12:43 of 1st period - Slapshot by Oliver Ekman-Larsson.
12:43 of 1st period - Shot Misses the Net.
13:06 of 1st period - Icing by Elias Pettersson.
13:07 of 1st period - Adam Lowry wins face-off versus William Karlsson in Capitals zone.
13:22 of 1st period - Snap shot by Tyler Toffoli.
13:22 of 1st period - Stopped by Zachary Fucale without a rebound.
13:23 of 1st period - Joel Eriksson Ek wins face-off versus Max Domi in Capitals zone.
13:31 of 1st period - Snap shot by Max Domi.
13:31 of 1st period - Shot Misses the Net.
13:33 of 1st period - Snap shot by Jake McCabe.
13:33 of 1st period - Shot Blocked by Marc-Edouard Vlasic.
13:35 of 1st period - Backhand shot by Nate Schmidt.
13:35 of 1st period - Stopped by Zachary Fucale with a rebound.
13:37 of 1st period - Snap shot by Max Domi.
13:37 of 1st period - Shot Misses the Net.
13:39 of 1st period - Slapshot by Jaden Schwartz.
13:39 of 1st period - Deflect By Max Domi.
13:39 of 1st period - Shot Misses the Net.
13:39 of 1st period - Puck is out of play.
13:40 of 1st period - William Karlsson wins face-off versus Adam Lowry in Capitals zone.
13:44 of 1st period - Minor Penalty to Damon Severson for Holding.
13:45 of 1st period - Max Domi wins face-off versus Johan Larsson in Capitals zone.
13:59 of 1st period - Snap shot by Max Domi.
13:59 of 1st period - Stopped by Zachary Fucale with a rebound.
14:01 of 1st period - Slapshot by Nate Schmidt.
14:01 of 1st period - Shot Misses the Net.
14:43 of 1st period - William Karlsson is hit by Kevin Rooney and loses puck.
15:06 of 1st period - William Karlsson is hit by Kevan Miller and loses puck.
15:44 of 1st period - Penalty to Damon Severson is over, Damon Severson is back on ice.
16:26 of 1st period - Snap shot by Adam Lowry.
16:26 of 1st period - Shot Blocked by Jake McCabe.
16:28 of 1st period - Wrist shot by Adam Lowry.
16:28 of 1st period - Stopped by Andrei Vasilevskiy without a rebound.
16:29 of 1st period - Adam Lowry wins face-off versus William Karlsson in Golden Seals zone.
16:32 of 1st period - Snap shot by Elias Pettersson.
16:32 of 1st period - Stopped by Andrei Vasilevskiy without a rebound.
16:33 of 1st period - Joel Eriksson Ek wins face-off versus Jaden Schwartz in Golden Seals zone.
16:38 of 1st period - Wrist shot by Jake Guentzel.
16:38 of 1st period - Stopped by Andrei Vasilevskiy without a rebound.
16:39 of 1st period - Jaden Schwartz wins face-off versus Joel Eriksson Ek in Golden Seals zone.
16:44 of 1st period - Wrist shot by Jaden Schwartz.
16:44 of 1st period - Shot Misses the Net.
16:54 of 1st period - Snap shot by Max Domi.
16:54 of 1st period - Deflect By Jaden Schwartz.
16:54 of 1st period - Shot Blocked by Darren Helm.
16:54 of 1st period - Puck is out of play.
16:55 of 1st period - William Karlsson wins face-off versus Adam Lowry in Capitals zone.
17:02 of 1st period - Slapshot by Nick Suzuki.
17:02 of 1st period - Stopped by Zachary Fucale with a rebound.
17:04 of 1st period - Snap shot by William Karlsson.
17:04 of 1st period - Shot Misses the Net.
17:12 of 1st period - Adam Lowry is hit by William Karlsson.
17:52 of 1st period - Backhand shot by Johan Larsson.
17:52 of 1st period - Stopped by Andrei Vasilevskiy without a rebound.
17:53 of 1st period - Max Domi wins face-off versus Adam Lowry in Golden Seals zone.
17:53 of 1st period - Max Domi is hit by Kyle Palmieri.
18:18 of 1st period - Marc-Edouard Vlasic is hit by William Karlsson and loses puck.
18:25 of 1st period - Wrist shot by Nick Suzuki.
18:25 of 1st period - Shot Misses the Net.
18:27 of 1st period - Slapshot by Nate Schmidt.
18:27 of 1st period - Stopped by Zachary Fucale without a rebound.
18:28 of 1st period - Johan Larsson wins face-off versus William Karlsson in Capitals zone.
18:33 of 1st period - Snap shot by Kevin Rooney.
18:33 of 1st period - Shot Misses the Net.
18:35 of 1st period - Snap shot by Johan Larsson.
18:35 of 1st period - Stopped by Andrei Vasilevskiy without a rebound.
18:36 of 1st period - Johan Larsson wins face-off versus Tyler Toffoli in Golden Seals zone.
19:48 of 1st period - Off-side.
19:49 of 1st period - Max Domi wins face-off versus Joel Eriksson Ek in neutral zone.
Goals for this period are 1 for Capitals vs 0 for Golden Seals.
Shots for this period are 12 for Capitals vs 11 for Golden Seals.

2nd period


0:01 of 2nd period - Barclay Goodrow wins face-off versus Joel Eriksson Ek in neutral zone.
0:30 of 2nd period - Wrist shot by Kevin Rooney.
0:30 of 2nd period - Stopped by Andrei Vasilevskiy with a rebound.
0:32 of 2nd period - Slapshot by Marc-Edouard Vlasic.
0:32 of 2nd period - Stopped by Andrei Vasilevskiy without a rebound.
0:33 of 2nd period - Max Domi wins face-off versus Johan Larsson in Golden Seals zone.
1:06 of 2nd period - Zach Bogosian is hit by Tyler Toffoli.
1:40 of 2nd period - Nate Schmidt is hit by Damon Severson and loses puck.
2:10 of 2nd period - Nate Schmidt is hit by Tyler Pitlick and loses puck.
3:15 of 2nd period - Slapshot by Nate Schmidt.
3:15 of 2nd period - Stopped by Zachary Fucale without a rebound.
3:16 of 2nd period - Joel Eriksson Ek wins face-off versus Max Domi in Capitals zone.
3:41 of 2nd period - Elias Pettersson is hit by Cody Ceci and loses puck.
4:11 of 2nd period - Wrist shot by Robby Fabbri.
4:11 of 2nd period - Stopped by Zachary Fucale without a rebound.
4:12 of 2nd period - Joel Eriksson Ek wins face-off versus Max Domi in Capitals zone.
5:09 of 2nd period - Snap shot by Anders Bjork.
5:09 of 2nd period - Shot Misses the Net.
5:11 of 2nd period - Snap shot by Derek Grant.
5:11 of 2nd period - Stopped by Andrei Vasilevskiy with a rebound.
5:23 of 2nd period - Wrist shot by Jason Robertson.
5:23 of 2nd period - Shot Blocked by Kevan Miller.
5:25 of 2nd period - Slapshot by Colton Parayko.
5:25 of 2nd period - Shot Blocked by Kevan Miller.
5:27 of 2nd period - Slapshot by Cody Ceci.
5:27 of 2nd period - Shot Misses the Net.
5:29 of 2nd period - Slapshot by Cody Ceci.
5:29 of 2nd period - Shot Blocked by Adam Lowry.
5:49 of 2nd period - Snap shot by Ondrej Kase.
5:49 of 2nd period - Shot Misses the Net.
5:57 of 2nd period - Jake McCabe is hit by Kyle Palmieri and loses puck.
6:24 of 2nd period - Snap shot by Ondrej Kase.
6:24 of 2nd period - Shot Misses the Net.
7:24 of 2nd period - Snap shot by Elias Pettersson.
7:24 of 2nd period - Shot Blocked by Jake McCabe.
7:30 of 2nd period - Wrist shot by Elias Pettersson.
7:30 of 2nd period - Shot Misses the Net.
7:32 of 2nd period - Snap shot by Kyle Palmieri.
7:32 of 2nd period - Deflect By Elias Pettersson.
7:32 of 2nd period - Shot Misses the Net.
7:32 of 2nd period - Puck is out of play.
7:33 of 2nd period - William Karlsson wins face-off versus Joel Eriksson Ek in Golden Seals zone.
7:33 of 2nd period - William Karlsson is hit by Damon Severson.
8:04 of 2nd period - Slapshot by Tyler Pitlick.
8:04 of 2nd period - Shot Blocked by Cody Ceci.
8:06 of 2nd period - Wrist shot by Tyler Pitlick.
8:06 of 2nd period - Stopped by Andrei Vasilevskiy with a rebound.
8:08 of 2nd period - Wrist shot by Tyler Pitlick.
8:08 of 2nd period - Shot Blocked by Colton Parayko.
8:41 of 2nd period - Barclay Goodrow is hit by Joel Eriksson Ek and loses puck.
9:08 of 2nd period - Nick Suzuki is hit by Derek Grant and loses puck.
9:27 of 2nd period - Wrist shot by William Karlsson.
9:27 of 2nd period - Stopped by Zachary Fucale with a rebound.
9:29 of 2nd period - Slapshot by Kurtis MacDermid.
9:29 of 2nd period - Shot Misses the Net.
9:31 of 2nd period - Wrist shot by Miles Wood.
9:31 of 2nd period - Shot Misses the Net.
9:33 of 2nd period - Slapshot by Kurtis MacDermid.
9:33 of 2nd period - Shot Blocked by Darren Helm.
10:14 of 2nd period - Tyler Pitlick is hit by Barclay Goodrow and loses puck.
10:22 of 2nd period - Icing by Johan Larsson.
10:23 of 2nd period - William Karlsson wins face-off versus Joel Eriksson Ek in Capitals zone.
10:24 of 2nd period - Slapshot by Nick Suzuki.
10:24 of 2nd period - Stopped by Zachary Fucale with a rebound.
10:26 of 2nd period - Snap shot by Nick Suzuki.
10:26 of 2nd period - Goal by Nick Suzuki - Capitals : 1 - Golden Seals : 1.
10:27 of 2nd period - Joel Eriksson Ek wins face-off versus William Karlsson in neutral zone.
10:30 of 2nd period - Wrist shot by Joel Eriksson Ek.
10:30 of 2nd period - Deflect By Jake Guentzel.
10:30 of 2nd period - Deflect By Cody Ceci.
10:30 of 2nd period - Stopped by Andrei Vasilevskiy with a rebound.
11:53 of 2nd period - Nick Cousins is hit by Jake Guentzel and loses puck.
12:02 of 2nd period - Slapshot by Jake Guentzel.
12:02 of 2nd period - Shot Misses the Net.
12:22 of 2nd period - Snap shot by Tyler Pitlick.
12:22 of 2nd period - Stopped by Andrei Vasilevskiy with a rebound.
12:38 of 2nd period - Robert Hagg is hit by Oliver Ekman-Larsson and loses puck.
14:11 of 2nd period - Jake Guentzel is hit by William Karlsson and loses puck.
14:20 of 2nd period - Snap shot by Tyler Toffoli.
14:20 of 2nd period - Stopped by Zachary Fucale with a rebound.
14:22 of 2nd period - Slapshot by William Karlsson.
14:22 of 2nd period - Deflect By Tyler Toffoli.
14:22 of 2nd period - Shot Misses the Net.
14:22 of 2nd period - Puck is out of play.
14:23 of 2nd period - Adam Lowry wins face-off versus Max Domi in Capitals zone.
15:15 of 2nd period - Wrist shot by Nick Suzuki.
15:15 of 2nd period - Shot Blocked by Kevan Miller.
15:43 of 2nd period - Snap shot by Tyler Toffoli.
15:43 of 2nd period - Shot Misses the Net.
16:19 of 2nd period - Wrist shot by Johan Larsson.
16:19 of 2nd period - Shot Blocked by Kurtis MacDermid.
16:29 of 2nd period - Snap shot by Tyler Pitlick.
16:29 of 2nd period - Stopped by Andrei Vasilevskiy with a rebound.
16:31 of 2nd period - Slapshot by Calvin de Haan.
16:31 of 2nd period - Stopped by Andrei Vasilevskiy without a rebound.
16:32 of 2nd period - Joel Eriksson Ek wins face-off versus Max Domi in Golden Seals zone.
16:38 of 2nd period - Off-side.
16:39 of 2nd period - Max Domi wins face-off versus Joel Eriksson Ek in neutral zone.
16:48 of 2nd period - Snap shot by Jaden Schwartz.
16:48 of 2nd period - Stopped by Zachary Fucale with a rebound.
16:50 of 2nd period - Snap shot by Max Domi.
16:50 of 2nd period - Shot Blocked by Marc-Edouard Vlasic.
16:52 of 2nd period - Slapshot by Jake McCabe.
16:52 of 2nd period - Shot Misses the Net.
16:54 of 2nd period - Slapshot by Jake McCabe.
16:54 of 2nd period - Deflect By Miles Wood.
16:54 of 2nd period - Shot Misses the Net.
16:54 of 2nd period - Puck is out of play.
16:55 of 2nd period - Elias Pettersson wins face-off versus Barclay Goodrow in Capitals zone.
17:22 of 2nd period - Wrist shot by Phillip Di Giuseppe.
17:22 of 2nd period - Shot Blocked by Cody Ceci.
17:24 of 2nd period - Slapshot by Oliver Ekman-Larsson.
17:24 of 2nd period - Shot Blocked by Colton Parayko.
17:26 of 2nd period - Wrist shot by Phillip Di Giuseppe.
17:26 of 2nd period - Stopped by Andrei Vasilevskiy without a rebound.
17:27 of 2nd period - Max Domi wins face-off versus Anders Bjork in Golden Seals zone.
17:49 of 2nd period - Icing by Phillip Di Giuseppe.
17:50 of 2nd period - Derek Grant wins face-off versus Nick Cousins in Capitals zone.
17:55 of 2nd period - Snap shot by Phillip Di Giuseppe.
17:55 of 2nd period - Deflect By Ondrej Kase.
17:55 of 2nd period - Stopped by Andrei Vasilevskiy with a rebound.
18:19 of 2nd period - Snap shot by Johan Larsson.
18:19 of 2nd period - Stopped by Andrei Vasilevskiy without a rebound.
18:20 of 2nd period - Johan Larsson wins face-off versus Max Domi in Golden Seals zone.
18:21 of 2nd period - Snap shot by Tyler Pitlick.
18:21 of 2nd period - Stopped by Andrei Vasilevskiy without a rebound.
18:22 of 2nd period - Max Domi wins face-off versus Johan Larsson in Golden Seals zone.
18:22 of 2nd period - Max Domi is hit by Damon Severson.
19:15 of 2nd period - Elias Pettersson is hit by Jake McCabe and loses puck.
19:36 of 2nd period - Wrist shot by Anders Bjork.
19:36 of 2nd period - Shot Misses the Net.
19:42 of 2nd period - Wrist shot by Ondrej Kase.
19:42 of 2nd period - Stopped by Zachary Fucale without a rebound.
19:43 of 2nd period - Joel Eriksson Ek wins face-off versus Max Domi in Capitals zone.
19:49 of 2nd period - Off-side.
19:50 of 2nd period - Max Domi wins face-off versus Darren Helm in neutral zone.
19:53 of 2nd period - Marc-Edouard Vlasic is hit by Jaden Schwartz and loses puck.
Goals for this period are 0 for Capitals vs 1 for Golden Seals.
Shots for this period are 12 for Capitals vs 8 for Golden Seals.

3rd period


0:01 of 3rd period - Nick Suzuki wins face-off versus Joel Eriksson Ek in neutral zone.
0:35 of 3rd period - Icing by Robby Fabbri.
0:36 of 3rd period - Barclay Goodrow wins face-off versus Adam Lowry in Golden Seals zone.
0:50 of 3rd period - Off-side.
0:51 of 3rd period - Max Domi wins face-off versus Joel Eriksson Ek in neutral zone.
1:41 of 3rd period - Robby Fabbri is hit by Oliver Ekman-Larsson.
1:50 of 3rd period - Minor Penalty to Kevin Rooney for Hooking.
1:51 of 3rd period - Johan Larsson wins face-off versus Max Domi in Capitals zone.
3:50 of 3rd period - Penalty to Kevin Rooney is over, Kevin Rooney is back on ice.
4:05 of 3rd period - Slapshot by Kyle Palmieri.
4:05 of 3rd period - Shot Blocked by Nate Schmidt.
4:07 of 3rd period - Wrist shot by Elias Pettersson.
4:07 of 3rd period - Goal by Elias Pettersson - Capitals : 2 - Golden Seals : 1.
4:08 of 3rd period - William Karlsson wins face-off versus Joel Eriksson Ek in neutral zone.
4:54 of 3rd period - Zach Bogosian is hit by Max Domi and loses puck.
5:11 of 3rd period - Wrist shot by Phillip Di Giuseppe.
5:11 of 3rd period - Shot Blocked by Colton Parayko.
5:13 of 3rd period - Snap shot by Derek Grant.
5:13 of 3rd period - Shot Blocked by Colton Parayko.
5:15 of 3rd period - Snap shot by Phillip Di Giuseppe.
5:15 of 3rd period - Shot Blocked by Colton Parayko.
5:17 of 3rd period - Wrist shot by Derek Grant.
5:17 of 3rd period - Shot Blocked by Nick Cousins.
5:19 of 3rd period - Slapshot by Oliver Ekman-Larsson.
5:19 of 3rd period - Shot Blocked by Nick Cousins.
6:05 of 3rd period - Snap shot by Kyle Palmieri.
6:05 of 3rd period - Stopped by Andrei Vasilevskiy without a rebound.
6:06 of 3rd period - William Karlsson wins face-off versus Adam Lowry in Golden Seals zone.
6:44 of 3rd period - Off-side.
6:45 of 3rd period - Barclay Goodrow wins face-off versus Johan Larsson in neutral zone.
6:54 of 3rd period - Wrist shot by Jason Robertson.
6:54 of 3rd period - Shot Blocked by Kevin Rooney.
6:56 of 3rd period - Slapshot by Jake McCabe.
6:56 of 3rd period - Shot Misses the Net.
6:58 of 3rd period - Wrist shot by Nate Schmidt.
6:58 of 3rd period - Stopped by Zachary Fucale with a rebound.
7:00 of 3rd period - Slapshot by Jake McCabe.
7:00 of 3rd period - Shot Misses the Net.
7:14 of 3rd period - Snap shot by Jake Guentzel.
7:14 of 3rd period - Shot Misses the Net.
7:16 of 3rd period - Wrist shot by Darren Helm.
7:16 of 3rd period - Deflect By Jake Guentzel.
7:16 of 3rd period - Stopped by Andrei Vasilevskiy without a rebound.
7:17 of 3rd period - Joel Eriksson Ek wins face-off versus William Karlsson in Golden Seals zone.
7:28 of 3rd period - Snap shot by Jake Guentzel.
7:28 of 3rd period - Stopped by Andrei Vasilevskiy without a rebound.
7:29 of 3rd period - Max Domi wins face-off versus Joel Eriksson Ek in Golden Seals zone.
7:42 of 3rd period - Snap shot by Miles Wood.
7:42 of 3rd period - Stopped by Zachary Fucale with a rebound.
7:44 of 3rd period - Slapshot by Cody Ceci.
7:44 of 3rd period - Shot Misses the Net.
8:07 of 3rd period - Wrist shot by Robby Fabbri.
8:07 of 3rd period - Shot Misses the Net.
8:37 of 3rd period - Wrist shot by Nick Cousins.
8:37 of 3rd period - Deflect By Zach Bogosian.
8:37 of 3rd period - Stopped by Zachary Fucale with a rebound.
8:43 of 3rd period - Nick Cousins is hit by Kevin Rooney and loses puck.
10:17 of 3rd period - Wrist shot by Nick Cousins.
10:17 of 3rd period - Deflect By Ondrej Kase.
10:17 of 3rd period - Stopped by Zachary Fucale without a rebound.
10:18 of 3rd period - Adam Lowry wins face-off versus Nick Cousins in Capitals zone.
10:27 of 3rd period - Snap shot by Elias Pettersson.
10:27 of 3rd period - Stopped by Andrei Vasilevskiy without a rebound.
10:28 of 3rd period - William Karlsson wins face-off versus Adam Lowry in Golden Seals zone.
10:30 of 3rd period - Minor Penalty to Nick Suzuki for Hooking.
10:31 of 3rd period - Barclay Goodrow wins face-off versus Jake Guentzel in Golden Seals zone.
10:47 of 3rd period - Snap shot by Jake Guentzel.
10:47 of 3rd period - Shot Misses the Net.
11:06 of 3rd period - Snap shot by Kyle Palmieri.
11:06 of 3rd period - Stopped by Andrei Vasilevskiy without a rebound.
11:07 of 3rd period - Barclay Goodrow wins face-off versus Adam Lowry in Golden Seals zone.
12:07 of 3rd period - Snap shot by Jake Guentzel.
12:07 of 3rd period - Stopped by Andrei Vasilevskiy with a rebound.
12:30 of 3rd period - Penalty to Nick Suzuki is over, Nick Suzuki is back on ice.
13:50 of 3rd period - Slapshot by Nick Cousins.
13:50 of 3rd period - Shot Misses the Net.
15:19 of 3rd period - Icing by Robert Hagg.
15:20 of 3rd period - Max Domi wins face-off versus Adam Lowry in Golden Seals zone.
15:42 of 3rd period - William Karlsson is hit by Joel Eriksson Ek and loses puck.
16:50 of 3rd period - Slapshot by Oliver Ekman-Larsson.
16:50 of 3rd period - Shot Blocked by Miles Wood.
17:04 of 3rd period - Wrist shot by Nick Suzuki.
17:04 of 3rd period - Stopped by Zachary Fucale with a rebound.
17:22 of 3rd period - Snap shot by Tyler Pitlick.
17:22 of 3rd period - Deflect By Kevin Rooney.
17:22 of 3rd period - Shot Blocked by Jaden Schwartz.
17:22 of 3rd period - Puck is out of play.
17:23 of 3rd period - Max Domi wins face-off versus Johan Larsson in Golden Seals zone.
17:38 of 3rd period - Wrist shot by Johan Larsson.
17:38 of 3rd period - Stopped by Andrei Vasilevskiy without a rebound.
17:39 of 3rd period - Barclay Goodrow wins face-off versus Joel Eriksson Ek in Golden Seals zone.
18:10 of 3rd period - Wrist shot by Tyler Pitlick.
18:10 of 3rd period - Stopped by Andrei Vasilevskiy without a rebound.
18:11 of 3rd period - William Karlsson wins face-off versus Johan Larsson in Golden Seals zone.
18:16 of 3rd period - Slapshot by Tyler Pitlick.
18:16 of 3rd period - Shot Misses the Net.
18:18 of 3rd period - Snap shot by Kevin Rooney.
18:18 of 3rd period - Shot Misses the Net.
18:38 of 3rd period - Snap shot by Elias Pettersson.
18:38 of 3rd period - Shot Misses the Net.
18:40 of 3rd period - Slapshot by Oliver Ekman-Larsson.
18:40 of 3rd period - Stopped by Andrei Vasilevskiy without a rebound.
18:41 of 3rd period - Barclay Goodrow wins face-off versus Adam Lowry in Golden Seals zone.
18:46 of 3rd period - Kyle Palmieri is hit by Barclay Goodrow and loses puck.
18:49 of 3rd period - Golden Seals, Andrei Vasilevskiy is pulled from the net.
18:55 of 3rd period - Snap shot by Robby Fabbri.
18:55 of 3rd period - Deflect By Jason Robertson.
18:55 of 3rd period - Shot Misses the Net.
18:55 of 3rd period - Puck is out of play.
18:56 of 3rd period - Bob Boughner call a timeout for Golden Seals.
18:56 of 3rd period - Derek Grant wins face-off versus William Karlsson in Capitals zone.
18:56 of 3rd period - Derek Grant is hit by Jaden Schwartz.
19:14 of 3rd period - Snap shot by Tyler Toffoli.
19:14 of 3rd period - Stopped by Zachary Fucale with a rebound.
19:16 of 3rd period - Slapshot by Jason Robertson.
19:16 of 3rd period - Shot Misses the Net.
19:18 of 3rd period - Snap shot by Jaden Schwartz.
19:18 of 3rd period - Stopped by Zachary Fucale with a rebound.
19:20 of 3rd period - Wrist shot by Tyler Toffoli.
19:20 of 3rd period - Stopped by Zachary Fucale without a rebound.
19:21 of 3rd period - William Karlsson wins face-off versus Derek Grant in Capitals zone.
19:26 of 3rd period - Wrist shot by Tyler Toffoli.
19:26 of 3rd period - Shot Misses the Net.
19:33 of 3rd period - Minor Penalty to Damon Severson for Roughing.
19:34 of 3rd period - Johan Larsson wins face-off versus Max Domi in Capitals zone.
Goals for this period are 1 for Capitals vs 0 for Golden Seals.
Shots for this period are 10 for Capitals vs 8 for Golden Seals.